Unix NetHack Version 3.7.0-66 Work-in-progress - last build Nov 25 2022 02:21:47 (a67c8fbd212c6e9cfe3af09653023564b5ba1bad,branch:master). Game began 2022-12-03 06:52:58, ended 2022-12-03 07:00:23. nmlkj, chaotic male human Wizard ---------------- ...............| ####`##### |.......<....... q@#########...............| #### |..............| ---------------- Nmlkj the Conjurer St:9 Dx:12 Co:15 In:18 Wi:12 Ch:11 Chaotic S:752 Dlvl:6 $:270 HP:0(22) Pw:27(32) AC:7 Xp:3/58 T:1043 Burdened Latest messages: You step onto a level teleport trap! You feel a wrenching sensation. You see here 6 arrows. You hear someone cursing shoplifters. You hear the chime of a cash register. That door is closed. The door resists! The door opens. The dwarf puts on a bronze plate mail. In what direction? h The spell hits the dwarf! You kill the dwarf! $ - 11 gold pieces (264 in total). There are several more objects here. y - a pair of hard shoes. You have a little trouble lifting a bronze plate mail. Continue? [ynq] (q) y You have a little trouble lifting z - a bronze plate mail. Your movements are slowed slightly because of your load. There is a dwarf corpse here; eat it? [ynq] (n) y This dwarf corpse is tough. You finish eating the dwarf corpse. That door is closed. The door opens. You see here a statue of a giant ant. That door is closed. The door opens. You have a little trouble lifting $ - 6 gold pieces (270 in total). Something is engraved here on the headstone. You read: "Do not open until Christmas". The door opens. You hear the chime of a cash register. You fall down the stairs. You climb up the stairs. You fall down the stairs. You see here a potion of monster detection. You see here a potion of monster detection. You have a little trouble lifting A - a potion of monster detection. What do you want to drink? [fghA or ?*] A You sense the presence of monsters. (For instructions type a '?') Done. The rothe hits! The rothe bites! The rothe bites! In what direction? h The spell misses the rothe. The rothe hits! The rothe bites! The rothe bites! You die... Inventory: Coins $ - 270 gold pieces Weapons u - a +0 orcish dagger a - a blessed +1 quarterstaff (weapon in hands) Armor v - an uncursed +0 orcish helm (being worn) y - an uncursed +0 pair of iron shoes b - an uncursed +1 cloak of magic resistance (being worn) z - an uncursed +0 bronze plate mail Comestibles n - 2 uncursed slime molds m - 3 uncursed food rations r - 3 uncursed eggs t - an uncursed lichen corpse Scrolls j - 2 uncursed scrolls of identify Spellbooks k - a blessed spellbook of force bolt l - an uncursed spellbook of haste self s - an uncursed spellbook of identify Potions g - an uncursed potion of confusion h - an uncursed potion of monster detection f - an uncursed potion of water Rings e - an uncursed ring of searching d - an uncursed ring of stealth Wands c - a wand of cancellation (0:8) q - a wand of nothing (0:15) w - a wand of striking (0:7) Tools x - an uncursed lock pick Gems/Stones o - an uncursed worthless piece of blue glass p - an uncursed worthless piece of red glass Nmlkj the Wizard's attributes: Background: You were a Conjurer, a level 3 male human Wizard. You were chaotic, nominally on a mission for Anhur who was opposed by Ptah (lawful) and Thoth (neutral). You were in the Dungeons of Doom, on level 6. You entered the dungeon 1043 turns ago. You had 58 experience points, 22 more were needed to attain level 4. Your score was 752 before end-of-game adjustments. Basics: You had 0 out of 22 hit points. You had 27 out of 32 energy points (spell power). Your armor class was 7. Your wallet contained 270 zorkmids. Autopickup was on for '$?/"*=+' plus thrown. Final Characteristics: Your strength was 9 (limit:18/100). Your dexterity was 12 (limit:18). Your constitution was 15 (limit:18). Your intelligence was 18 (limit:18). Your wisdom was 12 (limit:18). Your charisma was 11 (limit:18). Final Status: You were not hungry. You were burdened; movement was slightly slowed. You were wielding a quarterstaff. You had basic skill with quarterstaff. Final Attributes: You were devoutly aligned. You were magic-protected. You were warded. You are dead. Miscellaneous: You disabled loading of bones levels. Total elapsed playing time was 7 minutes and 5 seconds. Major events: Turn 1: nmlkj the chaotic male human Wizard entered the dungeon 439: attained the rank of Conjurer (level 3) 1043: killed by a rothe Vanquished creatures: a dwarf an acid blob a coyote a gas spore a giant rat 2 geckos 2 goblins 4 grid bugs 3 lichens a kobold zombie a newt 18 creatures vanquished. No species were genocided or became extinct. Voluntary challenges: You were an atheist. You read items or engraved 2 times. You never engraved Elbereth. You never genocided any monsters. You never polymorphed an object. You never changed form. You used no wishes. Achievements: You attained the rank of Conjurer. You entered a shop. The Dungeons of Doom: levels 1 to 6 Level 1: A fountain. Level 2: Level 3: A potion shop, a sink. Level 4: A grave. Level 5: A grave. Level 6: <- You were here. Final resting place for you, killed by a rothe. Game over: ---------- / \ / REST \ / IN \ / PEACE \ / \ | nmlkj | | 270 Au | | killed by a | | rothe | | | | | | 2022 | *| * * * | * _________)/\\_//(\/(/\)/\//\/|_)_______ Goodbye nmlkj the Wizard... You died in The Dungeons of Doom on dungeon level 6 with 725 points, and 270 pieces of gold, after 1043 moves. You were level 3 with a maximum of 22 hit points when you died.